 Dungeon Crawl Stone Soup version 0.25-a0-97-g19cdb01 (webtiles) character file.

Game seed: 8978312137161181078, levelgen mode: deterministic

777 silenth the Conjurer (level 7, -9/53 HPs)
             Began as a Demigod Conjurer on Nov 12, 2019.
             Killed by divine providence
             ... invoked by an orc priest
              (12 damage)
             ... on level 5 of the Dungeon.
             The game lasted 00:07:46 (4731 turns).

silenth the Conjurer (Demigod Conjurer)             Turns: 4731, Time: 00:07:47

Health: -9/53      AC:  4    Str: 11    XL:     7   Next: 29%
Magic:  32/32      EV: 12    Int: 23    God:
Gold:   222        SH:  0    Dex: 16    Spells: 2/16 levels left

rFire    . . .     SeeInvis .   a - staff of power
rCold    . . .     Gourm    .   (no shield)
rNeg     . . .     Faith    .   m - +2 robe {MR+}
rPois    +         Spirit   .   (no helmet)
rElec    .         Reflect  .   (no cloak)
rCorr    .         Harm     .   (no gloves)
MR       +....                  (no boots)
Stlth    +++.......             f - amulet of magic regeneration
HPRegen  0.17/turn              d - ring of stealth
MPRegen  0.48/turn              n - ring of poison resistance

@: no status effects
A: high mp 1
a: no special abilities


You were on level 5 of the Dungeon.
You were hungry.

You visited 1 branch of the dungeon, and saw 5 of its levels.
You also visited: Sewer.

You collected 222 gold pieces.

Inventory:

Hand Weapons
 b - a +0 rapier
Armour
 m - a +2 robe of magic resistance (worn)
Magical Staves
 a - an uncursed staff of power (weapon)
Jewellery
 d - a ring of stealth (left hand)
 f - an amulet of magic regeneration (around neck)
 n - a ring of poison resistance (right hand)
Wands
 l - a wand of flame (8)
Scrolls
 i - a scroll of amnesia
 k - a scroll of enchant armour
 o - 3 scrolls of blinking
 p - a scroll of magic mapping {unknown}
 r - a scroll of remove curse
Potions
 c - 2 potions of lignification {unknown}
 g - 2 potions of heal wounds {unknown}
 h - 2 potions of might
 j - 5 potions of curing {unknown}
 q - a potion of cancellation {unknown}
Comestibles
 e - 6 rations


   Skills:
 + Level 1.9 Fighting
 - Level 1.7 Dodging
 - Level 1.7 Stealth
 - Level 5.0 Spellcasting
 + Level 6.4 Conjurations


You had 2 spell levels left.
You knew the following spells:

 Your Spells              Type           Power        Failure   Level  Hunger
a - Magic Dart            Conj           ####         1%          1    None
b - Searing Ray           Conj           #####.       1%          2    None
c - Dazzling Spray        Conj/Hex       ###...       8%          3    ##.....
d - Iskenderun's Mystic   Conj           #####...     7%          4    ####...
e - Fulminant Prism       Conj/Hex       ###.......   26%         4    ####...

Your spell library contained the following spells:

 Spells                   Type           Power        Failure   Level  Hunger
 Force Lance              Conj/Tloc      ###.....     26%         4    ####...


Dungeon Overview and Level Annotations

Branches:
Dungeon (5/15)              Sewer (visited)
 Temple: D:4-7


Innate Abilities, Weirdness & Mutations

You have an increased reservoir of magic. (+10% MP)


Message History

The orc warrior hits you with a +0 flail!!
Your fulminant prism crackles loudly.
You hit the orc warrior but do no damage.
The orc warrior is heavily wounded.
The orc warrior hits you with a +0 flail!!
* * * LOW HITPOINT WARNING * * *
Your fulminant prism explodes!
The blast of energy engulfs the orc warrior.
The orc warrior is severely wounded.
You hear a shout!
You are feeling hungry.
There is an open door here.
An orc priest comes into view.
The orc priest calls down the wrath of Beogh upon you.
Beogh smites you!
* * * LOW HITPOINT WARNING * * *
Okay, then.
The orc priest mumbles some strange prayers to Beogh against you.
Beogh smites you!
You die...

########
##########......########
#.......@..............#
#.....####o.<.o.#####..#
#.....# #..)...# ░.░░░
#.....# #......# ░....
####'#####......# ░....
#............# ░....
##########......#######
░.... #.......).......#
░....
###.###############
###░░░.░


You could see an orc warrior and an orc priest.

Vanquished Creatures
  Grinder (D:3)
  A big kobold (Sewer)
  4 crimson imps (D:5)
  An orc priest (D:5)
  2 bullfrog skeletons
  Jessica (D:3)
  An orc wizard (D:5)
  A hound zombie (D:5)
  10 adders
  A shadow imp (D:5)
  2 oozes
  4 worms
  5 dart slugs
  2 leopard geckos
  7 orcs
  10 ball pythons
  6 giant cockroaches
  7 goblins
  5 hobgoblins
  7 jackals (D:3)
  8 kobolds
  2 quokkas
  10 bats
  7 frilled lizards
  A leopard gecko skeleton (D:4)
  10 rats
116 creatures vanquished.

Vanquished Creatures (others)
  2 fulminant prisms (D:5)
2 creatures vanquished.

Grand Total: 118 creatures vanquished

Notes
Turn   | Place    | Note
-------+----------+-------------------------------------------
     0 | D:1      | silenth the Demigod Conjurer began the quest for the Orb.
     0 | D:1      | Reached XP level 1. HP: 14/14 MP: 5/5
    10 | D:1      | Reached skill level 2 in Spellcasting
   136 | D:1      | Reached XP level 2. HP: 14/20 MP: 1/7
   224 | D:1      | Learned a level 2 spell: Searing Ray
   398 | D:1      | Reached skill level 4 in Conjurations
   741 | D:1      | Reached XP level 3. HP: 26/26 MP: 0/9
   746 | D:1      | Learned a level 3 spell: Dazzling Spray
  1649 | D:2      | Found an ancient bone altar of Kikubaaqudgha.
  1683 | D:2      | Found a shadowy altar of Dithmenos.
  1761 | D:2      | Reached XP level 4. HP: 33/33 MP: 9/11
  1903 | D:3      | Reached skill level 3 in Spellcasting
  2640 | D:3      | Noticed Jessica
  2648 | D:3      | Killed Jessica
  2648 | D:3      | Reached XP level 5. HP: 31/38 MP: 13/13
  2714 | D:3      | Reached skill level 5 in Conjurations
  3038 | D:4      | Found a burning altar of Makhleb.
  3059 | D:4      | Found a glowing drain.
  3084 | Sewer    | Entered a sewer
  3136 | Sewer    | Reached skill level 4 in Spellcasting
  3360 | Sewer    | Reached XP level 6. HP: 45/45 MP: 15/15
  3441 | D:4      | Noticed Grinder
  3461 | D:3      | Killed Grinder
  3461 | D:3      | Reached skill level 6 in Conjurations
  3703 | D:4      | Learned a level 4 spell: Iskenderun's Mystic Blast
  3708 | D:4      | Learned a level 4 spell: Fulminant Prism
  3958 | D:5      | Entered Level 5 of the Dungeon
  4408 | D:5      | Reached skill level 1 in Fighting
  4408 | D:5      | Reached XP level 7. HP: 50/52 MP: 17/17
  4612 | D:5      | Reached skill level 5 in Spellcasting
  4729 | D:5      | HP: 3/53 [orc priest/divine providence (12)]
  4731 | D:5      | Killed from afar by an orc priest

Levels and vault maps discovered:
D:1:      shiori_arrival_maze, layout_rooms
D:2:      layout_rooms, overflow_temple_1_default,
          nicolae_dithmenos_shadow_blocks
D:3:      layout_loops_ring, uniq_jessica
D:4:      layout_cave_pools, kennysheep_mini, portal_sewer_entry_b, uniq_grinder
D:5:      layout_basic, first_ration, minmay_crystal_room,
          okawaru_metal_pillars_1_2

Skill      XL: |  1  2  3  4  5  6  7 |
---------------+----------------------+-----
Spellcasting   | 2 3 4 5 |  5.0
Conjurations   | 4 5 6 |  6.4
Fighting       | 1 |  1.9
Dodging        | |  1.7
Stealth        | |  1.7

Action                   |  1- 3 |  4- 6 |  7- 9 || total
-------------------------+-------+-------+-------++-------
Melee: Unarmed           |    20 |       |       ||    20
       Whip              |    12 |       |       ||    12
       Dagger            |       |     4 |       ||     4
       Staff             |       |    10 |     8 ||    18
 Cast: Magic Dart        |    93 |   163 |    46 ||   302
       Dazzling Spray    |       |    10 |     4 ||    14
       Searing Ray       |       |     1 |       ||     1
       Iskenderun's Myst |       |       |     5 ||     5
       Fulminant Prism   |       |       |     2 ||     2
  Use: Scroll            |     7 |     5 |       ||    12
       Potion            |       |     2 |       ||     2
 Stab: Sleeping          |       |     1 |       ||     1
  Eat: Chunk             |     3 |     5 |     2 ||    10
       Ration            |       |     1 |       ||     1
Armor: Robe              |    10 |     4 |     7 ||    21
Dodge: Dodged            |    34 |    37 |    14 ||    85

Table legend:
 A = Non-vault XP
 B = Vault XP
 C = Vault XP percentage of total XP
 D = Non-vault monster count
 E = Vault monster count
 F = Vault count percentage of total count
                 A         B        C        D         E       F
            +---------+---------+-------+---------+---------+-------
      Total |     662 |     449 |  40.4 |      92 |      24 |  20.7
            +---------+---------+-------+---------+---------+-------
        D:1 |      41 |       8 |  16.3 |      21 |       2 |   8.7
        D:2 |      68 |       0 |   0.0 |      17 |       0 |   0.0
        D:3 |     104 |     304 |  74.5 |      30 |       2 |   6.2
        D:4 |      76 |       8 |   9.5 |       8 |       6 |  42.9
        D:5 |     373 |       0 |   0.0 |      16 |       0 |   0.0
      Sewer |       0 |     129 | 100.0 |       0 |      14 | 100.0
            +---------+---------+-------+---------+---------+-------
